Map: Submarine LE

Players

INnoVation

  • Race: Terran Terran
  • Spawn Location: 11:00

SKillous - Winner!

  • Race: Protoss Protoss
  • League: Master
  • Spawn Location: 5:00

Event: StayAtHome Story Cup #3

VOD

Have the link to the VOD?

Description

Time

  • Played on: March 12, 2021, 9:41 a.m.
  • Length: 4:13

All games in this series

Show
View Real Time Build Order
Export as new Build Order

INnoVation Terran 

Build Orders: Reaper Expand 

Get SALT Encoding   

  12  0:00  SCV  
  13  0:12  SCV  
  14  0:17  Supply Depot  
  14  0:24  SCV  
  15  0:38  SCV  
  15  0:40  Barracks  
  16  0:43  Refinery  
  16  0:51  SCV  
  17  1:03  SCV  
  18  1:15  SCV  
  19  1:27  Orbital Command, Reaper  
  20  1:40  Command Center  
  20  1:51  Supply Depot  
  20  1:54  SCV  
  20  1:59  Marine  
  22  2:04  Bunker  
  22  2:12  Factory  
  22  2:17  SCV, Marine  
  24  2:26  Refinery  
  24  2:30  SCV  
  24  2:35  Barracks Reactor  
  25  2:42  SCV  
  25  2:54  SCV  
  26  2:59  Factory Tech Lab  
  26  3:00  Bunker  
  26  3:06  SCV  
  26  3:08  Orbital Command  
  26  3:12  Marine x2  
  29  3:18  Cyclone  
  31  3:25  Bunker  
  31  3:29  Marine x2  
  33  3:34  SCV  
  33  3:35  SCV  
  33  3:38  Supply Depot  
  33  3:47  Marine  
  33  3:49  Marine  
  30  3:55  SCV  
  30  3:56  SCV  
Show
View Real Time Build Order
Export as new Build Order

SKillous Protoss - Winner!

Build Orders: Phoenix Opening, Proxy Void Ray 

Get SALT Encoding   

  12  0:08  Pylon  
  12  0:14  Probe  
  13  0:26  Gateway  
  13  0:30  Probe (Chrono Boost)  
  14  0:40  Probe (Chrono Boost), Assimilator  
  15  0:45  Probe (Chrono Boost)  
  16  0:50  Assimilator  
  16  0:56  Probe  
  17  1:08  Probe  
  18  1:13  Cybernetics Core  
  18  1:17  Pylon  
  18  1:21  Probe  
  19  1:33  Probe  
  20  1:45  Probe  
  21  1:47  Adept (Chrono Boost)  
  21  1:49  Stargate  
  23  1:57  Probe, Warp Gate  
  24  2:09  Probe  
  24  2:12  Adept  
  27  2:23  Void Ray (Chrono Boost)  
  27  2:31  Pylon  
  29  2:53  Void Ray (Chrono Boost)  
  29  2:56  Shield Battery  
  29  2:57  Shield Battery  
  29  3:04  Shield Battery  
  33  3:23  Pylon, Shield Battery  
  33  3:31  Phoenix  
  39  4:04  Stalker  
Tags
 
Add a new tag
Caveats
  • Supply blocks, unpowered buildings, or Contaminate may cause inaccurate times.
  • Supply counts are checked every 10 seconds.